 Dungeon Crawl Stone Soup version 0.31-a0-846-gb3bcc0d938 (webtiles) character file.

Game seed: 13458834392226760882

66 retardedninja the Firebug (level 4, -5/24 HPs)
             Began as a Gargoyle Fire Elementalist on Oct 3, 2023.
             Blown up by Ijyb (18 damage)
             ... with a mindburst bolt
             ... on level 3 of the Dungeon.
             The game lasted 00:04:32 (3036 turns).

retardedninja the Firebug (GrFE)                    Turns: 3036, Time: 00:04:33

Health: -5/24      AC:  5    Str: 11    XL:     4   Next: 15%
Magic:  1/7        EV: 27    Int: 18    God:
Gold:   125        SH:  0    Dex: 10    Spells: 5/8 levels left

rFire   . . .        o - +0 short sword
rCold   . . .        (no shield)
rNeg    + . .        a - +0 robe
rPois   ∞            (no helmet)
rElec   +            (no cloak)
rCorr   .            (no gloves)
SInv    .            (no boots)
Will    .....        c - amulet of the acrobat
Stlth   ++           (no ring)
HPRegen 0.24/turn    (no ring)
MPRegen 0.10/turn

%: acrobat
@: acrobatic
A: sickness immunity, AC +3, negative energy resistance 1, electricity
resistance, torment resistance 1, petrification resistance
a: no special abilities


You were on level 3 of the Dungeon.
You visited 1 branch of the dungeon, and saw 3 of its levels.

You collected 125 gold pieces.

Inventory:

Hand Weapons
 o - a +0 short sword (weapon)
Armour
 a - a +0 robe (worn)
Jewellery
 c - an amulet of the acrobat (around neck)
Scrolls
 d - a scroll of revelation {unknown}
 g - a scroll of immolation {unknown}
 i - a scroll of noise {unknown}
 k - a scroll of teleportation {unknown}
 l - a scroll of fog {unknown}
Potions
 b - 2 potions of magic
 e - a potion of brilliance
 h - 2 potions of curing
 j - a potion of berserk rage {unknown}
 m - a potion of resistance {unknown}


   Skills:
 + Level 2.1 Dodging
 + Level 2.9 Stealth
 + Level 2.5 Spellcasting
 + Level 2.0 Conjurations
 + Level 3.4 Fire Magic


You had 5 spell levels left.
You knew the following spells:

 Your Spells              Type           Power      Damage    Failure   Level
a - Foxfire               Conj/Fire      48%        2x1d6     5%          1
b - Scorch                Fire           28%        2d6       6%          2

Your spell library contained the following spells:

 Spells                   Type           Power      Damage    Failure   Level
 Freeze                   Ice            8%         1d3       17%         1
 Inner Flame              Hex/Fire       8%         N/A       26%         3
 Volatile Blastmotes      Fire/Tloc      16%        2d11      26%         3
 Hailstorm                Conj/Ice       5%         3d4       34%         3
 Call Canine Familiar     Summ           2%         N/A       45%         3
 Frozen Ramparts          Ice            4%         1d1       45%         3
 Sigil of Binding         Hex            2%         N/A       45%         3
 Flame Wave               Conj/Fire      12%        2d6       50%         4
 Dimensional Bullseye     Hex/Tloc       1%         N/A       86%         4
 Leda's Liquefaction      Hex/Erth       1%         N/A       86%         4


Dungeon Overview and Level Annotations

Branches:
Dungeon (3/15)

Altars:

Annotations:
D:2 1 runed translucent door, Crazy Yiuf
D:3 Ijyb


Innate Abilities, Weirdness & Mutations

You are immune to sickness and miasma.
Your stone body is resilient. (AC +3)
You are immune to poison.
You resist negative energy. (rN+)
You are resistant to electric shocks. (rElec)
You are resistant to unholy torment.
You are immune to petrification.


Message History

Unknown command.
Unknown command.
Hit: o) +0 short sword
Press: ? - help, Dir - move target, f - you, p - Ijyb
Okay, then.
Aiming: Throw Flame
Press: ? - help, Q - select action, (/) - cycle Shift-Dir - straight line, f/p - Ijyb
Aim: Ijyb, wielding a +0 club, wearing a +2 ring mail of cold resistance and carrying a wand of mindburst (64% to hit)
The puff of flame hits Ijyb.
Ijyb is lightly wounded.
The now-empty wand crumbles to dust.
Casting: Foxfire (safe; 5% risk of failure)
Confirm with . or Enter, or press ? or * to list all spells.
Flames lash the goblin.
The goblin is severely wounded.
The goblin's fire resistance burns away.
Unknown command.
Casting: Scorch (safe; 6% risk of failure)
Confirm with . or Enter, or press ? or * to list all spells.
Flames lash the goblin.
The goblin is burned terribly!
You kill the goblin!
The goblin hits you but does no damage. Ijyb hits you with a +0 club.
Unknown command.
Casting: Scorch (safe; 6% risk of failure)
Confirm with . or Enter, or press ? or * to list all spells.
Flames lash the goblin.
You kill the goblin!
Ijyb zaps a wand.
Your mind is blasted!
Unknown command.
Casting: Scorch (safe; 6% risk of failure)
Confirm with . or Enter, or press ? or * to list all spells.
You don't have enough magic to cast this spell.
Unknown command.
Casting: Scorch (safe; 6% risk of failure)
Confirm with . or Enter, or press ? or * to list all spells.
You don't have enough magic to cast this spell.
Unknown command.
Ijyb zaps a wand.
Your mind is blasted!
Ouch! That really hurt!
You die...

####.#.#....#.#.#.#.##.##....
#....#.#......#.#....#.##....
###..[.#.##+##....#.#..#.#.....
#.+....#.##.###........#.#..#.#
#.#...##.##.###..<÷..÷.#.#..#.#
#.#...##....#............#..#.#
#.##.....##.#.###........#..#.#
#.##.....####............).....
#..'..........@.)......#..#.#..
####.........###g).....#.......
###.......# #8)....8##...##.
#.......# #.......###..##.
#.......# #8.....8# ##.##.
#.......# ....).. #.##.
#.......# 8.....8 #.##.
#.......# ....... # #.......# #


You could see Ijyb.

Vanquished Creatures
  3 adders
  A dart slug (D:1)
  3 endoplasms
  12 goblins
  5 hobgoblins
  4 ball pythons
  2 bats (D:1)
  3 kobolds (D:1)
  2 rats
35 creatures vanquished.

Vanquished Creatures (others)
  138 foxfires
138 creatures vanquished.

Grand Total: 173 creatures vanquished

Notes
Turn   | Place    | Note
-------+----------+-------------------------------------------
     0 | D:1      | retardedninja the Gargoyle Fire Elementalist began the
                  | quest for the Orb.
     0 | D:1      | Reached XP level 1. HP: 10/10 MP: 3/3
   354 | D:1      | Reached XP level 2. HP: 14/15 MP: 0/5
   655 | D:1      | Found a faded altar of an unknown god.
  1536 | D:2      | Reached XP level 3. HP: 19/19 MP: 3/6
  2013 | D:2      | You fall into a shaft and drop 1 floor!
  2160 | D:2      | Learned a level 2 spell: Scorch
  2631 | D:2      | Found a runed translucent door.
  2632 | D:2      | Noticed Crazy Yiuf
  2846 | D:3      | Reached XP level 4. HP: 24/24 MP: 2/7
  3026 | D:3      | Noticed Ijyb
  3036 | D:3      | Blown up by Ijyb

Illustrated notes

Levels and vault maps discovered:
D:1:      lemuel_arrival_muddy, layout_loops_ring, shapermc_ecumenical_altar_gd
D:2:      layout_loops_corners, feat_on_display, uniq_crazy_yiuf_cottage
D:3:      kennysheep_the_goblin_king, layout_basic, pf_just_have_faith

Skill      XL: |  1  2  3 |
---------------+----------+-----
Dodging        | 2 |  2.1
Conjurations   | 2 |  2.0
Stealth        | |  2.9
Spellcasting   | |  2.5
Fire Magic     | |  3.4

Action                     |  1- 3 |  4- 6 || total
---------------------------+-------+-------++-------
  Melee: Rapier            |     8 |       ||     8
         Short sword       |     5 |       ||     5
   Cast: Foxfire           |    89 |     3 ||    92
         Scorch            |       |     3 ||     3
  Evoke: Wand              |       |     7 ||     7
    Use: Scroll            |     2 |       ||     2
 Armour: Robe              |    14 |     2 ||    16
  Dodge: Dodged            |    22 |     1 ||    23

Table legend: (Time is in decaauts)
 A = Elapsed time spent in this place.
 B = Non-inter-level travel time spent in this place.
 C = Inter-level travel time spent in this place.
 D = Time resting spent in this place.
 E = Time spent auto-exploring this place.
 F = Levels seen in this place.
 G = Mean time per level.
                   A        B        C        D        E       F      G
               +--------+--------+--------+--------+--------+-----+--------+
         Total |   3038 |   2869 |    169 |      0 |   2502 |   3 | 1012.7 |
       Dungeon |   3038 |   2869 |    169 |      0 |   2502 |   3 | 1012.7 |
               +--------+--------+--------+--------+--------+-----+--------+

Top non-repeatable levels by time:
     D:1: 1416 daAuts
     D:2: 1253 daAuts
     D:3: 367 daAuts
